 Dungeon Crawl Stone Soup version 0.29.0-11-gd7f09526c8 (webtiles) character file.

Game seed: 4916135656673720559

37 sanka the Sneak (level 3, -2/30 HPs)
             Began as a Demigod Delver on Sept 2, 2022.
             Slain by a gnoll
             ... wielding a +0 whip
              (3 damage)
             ... on level 1 of the Dungeon.
             The game lasted 00:03:22 (2199 turns).

sanka the Sneak (Demigod Delver)                    Turns: 2199, Time: 00:03:23

Health: -2/30      AC:  5    Str: 13    XL:     3   Next: 7%
Magic:  5/5        EV: 11    Int: 16    God:
Gold:   91         SH:  0    Dex: 15    Spells: 2/2 levels left

rFire   . . .      SeeInvis .     - Unarmed
rCold   . . .      Faith    .   (no shield)
rNeg    . . .      Spirit   .   l - +0 ring mail
rPois   .          Reflect  .   (no helmet)
rElec   .          Harm     .   (no cloak)
rCorr   .          Rampage  .   (no gloves)
Will    .....                   (no boots)
Stlth   ++........              (no amulet)
HPRegen 0.10/turn               (no ring)
MPRegen 0.09/turn               (no ring)

@: no status effects
A: high MP 1, forlorn, divine attributes, talons 1, wild magic 1, sturdy frame 1
a: no special abilities


You were on level 1 of the Dungeon.
You visited 1 branch of the dungeon, and saw 5 of its levels.

You collected 91 gold pieces.


Innate Abilities, Weirdness & Mutations

You have an increased reservoir of magic. (+10% MP)
You shall have no god before yourself.
Your divine heritage dramatically boosts your attributes as you level up.
You have sharp toenails.
Your spells are a little harder to cast, but a little more powerful.
Your movements are slightly less encumbered by armour. (ER -2)


   Skills:
 - Level 2.6 Fighting
 - Level 1.7 Dodging
 - Level 4.5 Stealth
 + Level 3.3 Unarmed Combat


You had 2 spell levels left.
You didn't know any spells.
Your spell library contained the following spells:

 Spells                   Type           Power      Damage    Failure   Level
 Passage of Golubria      Tloc           0%         N/A       99%         4
 Silence                  Hex/Air        0%         N/A       100%        5
 Lehudib's Crystal Spear  Conj/Erth      0%         10d2      100%        8

Inventory:

Armour
 a - a +0 leather armour
 l - a +0 ring mail (worn)
Jewellery
 i - a ring of wizardry
Wands
 f - a wand of digging (3)
Scrolls
 b - a scroll of fog
 c - a scroll of magic mapping
 d - 2 scrolls of amnesia {unknown}
 g - a scroll of identify {unknown}
Potions
 e - a potion of haste {@q3}
 h - a potion of berserk rage {unknown}
 k - a potion of cancellation {unknown}

Dungeon Overview and Level Annotations

Branches:
Dungeon (5/15)
 Temple: D:4-7

Annotations:
D:2 Robin
D:5 exclusion: adder

▒▒▒▒▒▒▒ ......▒ ..▒▒▒.▒
▒.▒▒▒.▒▒▒▒▒▒▒▒
....▒........▒▒▒▒▒▒▒▒▒▒
▒▒..▒.................▒
....▒.................▒
................)†....▒
.)..............p)....▒
..>............g[).▒▒▒▒
.▒▒................▒
.▒▒................▒
.▒▒....[...........▒
.......▒...........▒▒▒
▒▒▒...▒▒.............▒
▒▒▒..▒▒▒.▒.....▒.▒▒▒▒▒
.....▒ ▒▒▒.....▒.▒


You could see a gnoll.


Message History

* * * LOW HITPOINT WARNING * * *
You hit the gnoll.
The gnoll is moderately wounded.
You closely miss the gnoll.
The gnoll is moderately wounded.
The gnoll hits you with a +0 whip.
* * * LOW HITPOINT WARNING * * *
You hit the gnoll. You punch the gnoll.
The gnoll is heavily wounded.
The gnoll misses you.
You hit the gnoll.
The gnoll is severely wounded.
The gnoll hits you but does no damage.
You hit the gnoll. Your punch misses the gnoll.
The gnoll is almost dead.
The gnoll hits you with a +0 whip.
* * * LOW HITPOINT WARNING * * *
You closely miss the gnoll.
The gnoll is almost dead.
The gnoll hits you with a +0 whip.
* * * LOW HITPOINT WARNING * * *
It was a potion of mutation.
You feel extremely strange.
You feel less encumbered by your armour.
Your toenails lengthen and sharpen.
You feel less in control of your magic. The gnoll hits you with a +0 whip.
You die...

Action                   || total
-------------------------++-------
Melee: Unarmed           ||   143
       Punch             ||     3
  Use: Potion            ||     2
       Scroll            ||     1
 Stab: Sleeping          ||     3
Armor: Leather armour    ||    21
       Ring mail         ||    20
Dodge: Dodged            ||    87

Levels and vault maps discovered:
D:1:      lightli_arrival_quake, layout_basic, nicolae_titane
D:2:      layout_rooms, chequers_ecumenical_altar_island, solitary_fountain,
          minmay_statues_item, uniq_robin
D:3:      layout_basic, nicolae_overflow_ecumenical_swirl,
          mainiacjoe_overflow_alcove_1
D:4:      due_chaos_kobolds, layout_rooms, nicolae_qazlal_general_emergency,
          mainiacjoe_overflow_boulevard, nicolae_elyvilon_temple_path,
          minmay_manual_maat
D:5:      layout_basic, serial_shops, kennysheep_little_box

Notes
Turn   | Place    | Note
-------+----------+-------------------------------------------
     0 | D:5      | sanka the Demigod Delver began the quest for the Orb.
     0 | D:5      | Reached XP level 1. HP: 18/18 MP: 3/3
    49 | D:5      | Noticed a scorpion
   353 | D:4      | Reached skill level 2 in Unarmed Combat
   379 | D:4      | Noticed a killer bee
   383 | D:4      | Noticed a necrophage
   494 | D:2      | Noticed Robin
   981 | D:1      | HP: 1/18 [frozen (4)]
   985 | D:1      | Reached XP level 2. HP: 16/25 MP: 4/4
  1860 | D:1      | Reached skill level 3 in Unarmed Combat
  2146 | D:2      | Reached XP level 3. HP: 28/30 MP: 5/5
  2198 | D:1      | HP: 1/30 [gnoll/+0 whip (6)]
  2199 | D:1      | Gained mutation: Your movements are slightly less
                  | encumbered by armour. (ER -2) [potion of mutation]
  2199 | D:1      | Gained mutation: You have sharp toenails. [potion of
                  | mutation]
  2199 | D:1      | Gained mutation: Your spells are a little harder to cast,
                  | but a little more powerful. [potion of mutation]
  2199 | D:1      | Slain by a gnoll

Vanquished Creatures
  An endoplasm (D:1)
  A giant cockroach (D:1)
  10 goblins
  8 hobgoblins
  3 quokkas
  A ball python (D:4)
  A bat (D:1)
  2 frilled lizards
  2 kobolds
  A rat (D:1)
30 creatures vanquished.

Vanquished Creatures (others)
  3 fungi (D:4)
  14 plants (D:4)
17 creatures vanquished.

Grand Total: 47 creatures vanquished
